 Dungeon Crawl Stone Soup version 0.27-a0-263-gc8dee61f84 (webtiles) character file.

Game seed: 4906259664632576863

1920 gimp the Geomancer (level 9, 0/53 HPs)
             Began as an Octopode Earth Elementalist on Feb 4, 2021.
             Was an Initiate of Gozag.
             Slain by an orc warrior
             ... wielding a +0 trident
              (12 damage)
             ... on level 6 of the Dungeon.
             The game lasted 00:14:37 (7618 turns).

gimp the Geomancer (Octopode Earth Elementalist)    Turns: 7618, Time: 00:14:38

Health: 0/53       AC:  1    Str:  7    XL:     9   Next: 16%
Magic:  11/17      EV: 13    Int: 20    God:    Gozag
Gold:   307        SH:  0    Dex: 13    Spells: 5/18 levels left

rFire    + . .     SeeInvis .   b - +3 short sword
rCold    x . .     Faith    .   (no shield)
rNeg     . . .     Spirit   .   (helmet restricted)
rPois    .         Reflect  .   (no amulet)
rElec    .         Harm     .   j - ring of fire
rCorr    .         Rampage  .   (no ring)
Will     .....                  (no ring)
Stlth    +++.......             (no ring)
HPRegen  0.17/turn              (no ring)
MPRegen  0.15/turn              (no ring)
                                (no ring)
                                (no ring)

@: very slightly contaminated
A: almost no armour, stealthy swim, amphibious, 8 rings, constrict 8, camouflage
1, gelatinous body 1
a: Renounce Religion, Potion Petition, Call Merchant, Bribe Branch


You were on level 6 of the Dungeon.
You worshipped Gozag.
Gozag was aware of your devotion.
You visited 2 branches of the dungeon, and saw 7 of its levels.

You collected 423 gold pieces.
You paid 116 gold pieces to Gozag.

Inventory:

Hand Weapons
 a - a +0 dagger
 b - a +3 short sword (weapon)
Missiles
 k - 56 poisoned darts
 l - 65 stones
 A - 8 curare-tipped darts
Jewellery
 j - a ring of fire (left tentacle)
Wands
 r - a wand of iceblast (4)
 u - a wand of paralysis (6)
 x - a wand of flame (14)
Scrolls
 c - 2 scrolls of teleportation
 e - 6 scrolls of remove curse
 i - 2 scrolls of enchant armour {unknown}
 m - a scroll of amnesia {unknown}
 p - a scroll of noise {unknown}
 t - a scroll of immolation {unknown}
 w - a scroll of silence {unknown}
 y - a scroll of identify
 z - a scroll of random uselessness {unknown}
Potions
 d - a potion of might
 f - 2 potions of attraction
 g - 3 potions of haste
 h - 6 potions of ambrosia
 n - 2 potions of flight
 o - 3 potions of curing
 q - 3 potions of heal wounds
 s - a potion of brilliance {unknown}
 v - 2 potions of lignification {unknown}


   Skills:
 - Level 1.0 Fighting
 - Level 2.0 Dodging
 - Level 2.6 Stealth
 + Level 5.4 Spellcasting
 - Level 5.0 Conjurations
 * Level 4.3 Transmutations
 + Level 8.1 Earth Magic


You had 5 spell levels left.
You knew the following spells:

 Your Spells              Type           Power        Failure   Level
a - Stone Arrow           Conj/Erth      62%          2%          3
b - Sandblast             Erth           76%          1%          1
c - Petrify               Tmut/Erth      30%          9%          4
d - Lee's Rapid Deconstr  Erth           19%          11%         5

Your spell library contained the following spells:

 Spells                   Type           Power        Failure   Level
 Passwall                 Tmut/Erth      25%          1%          2
 Summon Small Mammal      Summ           20%          11%         1
 Call Imp                 Summ           5%           17%         2
 Call Canine Familiar     Summ           5%           32%         3
 Summon Guardian Golem    Hex/Summ       5%           32%         3
 Summon Ice Beast         Ice/Summ       5%           73%         4
 Summon Lightning Spire   Summ/Air       5%           73%         4


Dungeon Overview and Level Annotations

Branches:
Dungeon (6/15)             Temple (1/1) D:6

Altars:
Cheibriados
Dithmenos
Elyvilon
Fedhas
Gozag
Hepliaklqana
Kikubaaqudgha
Makhleb
Nemelex Xobeh
Okawaru
Ru
Sif Muna
Trog
Uskayaw
Vehumet
Yredelemnul
Zin
The Shining One

Annotations:
D:4 2 transporters, Midn8's ghost, novice GnFi
D:5 Ijyb


Innate Abilities, Weirdness & Mutations

You cannot wear most types of armour.
You are very stealthy in the water. (Stealth+)
You are amphibious.
You can wear up to eight rings at the same time.
You can use your tentacles to constrict eight enemies at once.
Your skin changes colour to match your surroundings (Stealth+).
Your rubbery body absorbs attacks. (AC +1, EV +1)


Message History

You miscast Petrify.
You are very lightly contaminated with residual magic.
You feel a strange surge of energy.
The orc warrior hits you with a +0 trident.
You take 6 damage, and have 31/53 hp.
You now have 13/17 mp.
Casting: Petrify (dangerous; 9% risk of failure)
Confirm with . or Enter, or press ? or * to list all spells.
Aiming: Petrify (dangerous; 9% risk of failure)
Press: ? - help, Shift-Dir - straight line, f/p - orc warrior
Aim: an orc warrior, wielding a +0 trident and wearing a +0 chain mail (chance to affect: 59%)
The orc warrior resists with significant effort.
The orc warrior hits you with a +0 trident!
You take 10 damage, and have 21/53 hp.
You now have 9/17 mp.
The orc warrior hits you from afar with a +0 trident!
* * * LOW HITPOINT WARNING * * *
You take 11 damage, and have 11/53 hp.
MASSIVE DAMAGE!!
There is a stone staircase leading up, spattered with blood here.
The orc warrior hits you from afar with a +0 trident!
You die...
Your body crumbles into a pile of gold.

..#.#...#....# ##..# ##.).###..#
.#..#...##...# ##..####........#
....#....##..###..#.##..#...#..#
..........#..#..####.....#.#...#.
......###......## ##.#...>......
......# #)....## ##.....#.#..#..
......# #..##.## ##.[...#...#..#.
......##..# ##.###..###..........
..........###...@..####.......###
##....##..#.....#.####..##[#### #
#.#####.[..#.###o##..###..#####
.# ##.# #.##.....##.......## . #.
#.##..#.##..........
#..###....##..#..........
.........####........###.
........#####........# #.
#######.###...###...####.


You could see an orc warrior.

Vanquished Creatures
  Pikel (D:4)
  Menkaure (D:4)
  Edmund (D:6)
  3 ogres
  A centaur (D:6)
  2 bullfrogs (D:6)
  A scorpion (D:5)
  A howler monkey (D:4)
  2 hounds (D:4)
  A centaur zombie (D:6)
  A centaur skeleton (D:6)
  An orc priest (D:4)
  2 iguanas (D:4)
  3 worker ants (D:5)
  3 orc wizards
  A killer bee zombie (D:6)
  2 hound zombies (D:6)
  2 worker ant zombies (D:6)
  11 adders
  2 shadow imps (D:5)
  An ooze (D:3)
  2 adder zombies
  3 worms (D:3)
  3 dart slugs
  10 leopard geckos
  21 orcs
  3 ball pythons
  7 bats
  5 giant cockroaches
  8 goblins
  4 hobgoblins
  4 jackals (D:5)
  3 quokkas
  7 frilled lizards
  A jackal zombie (D:5)
  8 kobolds
  3 leopard gecko skeletons
  A leopard gecko zombie (D:6)
  5 rats
141 creatures vanquished.

Vanquished Creatures (others)
  3 withered plants (D:6)
3 creatures vanquished.

Grand Total: 144 creatures vanquished

Notes
Turn   | Place    | Note
-------+----------+-------------------------------------------
     0 | D:1      | gimp the Octopode Earth Elementalist began the quest for
                  | the Orb.
     0 | D:1      | Reached XP level 1. HP: 11/11 MP: 3/3
   121 | D:1      | Reached XP level 2. HP: 18/18 MP: 0/5
   430 | D:1      | Reached skill level 1 in Fighting
   838 | D:1      | Reached XP level 3. HP: 23/23 MP: 3/6
   842 | D:1      | Learned a level 3 spell: Stone Arrow
  1708 | D:2      | Reached skill level 4 in Earth Magic
  1768 | D:2      | Reached skill level 1 in Conjurations
  1983 | D:2      | Reached XP level 4. HP: 28/28 MP: 7/7
  2688 | D:3      | Reached XP level 5. HP: 33/33 MP: 6/8
  3249 | D:4      | Noticed an ogre
  3252 | D:4      | Noticed a lemure
  3253 | D:4      | Noticed a lemure
  3255 | D:4      | Noticed Pikel
  3257 | D:4      | Killed an ogre
  3258 | D:4      | Reached XP level 6. HP: 38/38 MP: 3/10
  3262 | D:4      | Reached skill level 5 in Earth Magic
  3663 | D:4      | Found a transporter.
  3663 | D:4      | Noticed Midn8's ghost (novice GnFi)
  3720 | D:4      | Identified the cursed +0 ring mail "Kueture" {Str+4 SInv}
  3943 | D:4      | Killed Pikel
  3944 | D:4      | Reached skill level 5 in Conjurations
  3944 | D:4      | Reached skill level 6 in Earth Magic
  3944 | D:4      | Reached XP level 7. HP: 21/43 MP: 3/12
  3944 | D:4      | Reached XP level 8. HP: 24/48 MP: 3/13
  4188 | D:4      | Reached skill level 7 in Earth Magic
  4289 | D:4      | Noticed Menkaure
  4295 | D:4      | Killed Menkaure
  4505 | D:4      | Found a transporter.
  4689 | D:4      | Found a hide-covered altar of Uskayaw.
  4689 | D:4      | Found a sacrificial altar of Ru.
  4723 | D:5      | Entered Level 5 of the Dungeon
  4799 | D:5      | Learned a level 4 spell: Petrify
  4805 | D:5      | Learned a level 5 spell: Lee's Rapid Deconstruction
  5517 | D:5      | Noticed Ijyb
  6344 | D:6      | Reached skill level 5 in Spellcasting
  6483 | D:6      | Found a staircase to the Ecumenical Temple.
  6493 | Temple   | Entered the Ecumenical Temple
  6680 | Temple   | Became a worshipper of Gozag Ym Sagoz the Greedy
  6729 | D:6      | Reached XP level 9. HP: 18/52 MP: 2/16
  6972 | D:6      | Reached skill level 8 in Earth Magic
  7280 | D:6      | Noticed Edmund
  7310 | D:6      | Killed Edmund
  7618 | D:6      | Slain by an orc warrior

Illustrated notes

Levels and vault maps discovered:
D:1:      mushboom_english_gardens, layout_basic, st_stairs_11
D:2:      layout_basic, grunt_decor_one_mirror, grunt_ministairs_7
D:3:      layout_basic
D:4:      layout_cave_pools, gammafunk_temple_overflow_elements,
          gammafunk_ghost_stat_death, uniq_pikel, uniq_menkaure
D:5:      layout_basic, uniq_ijyb
D:6:      layout_layer_cave, nicolae_ashenzari_panopticon,
          minmay_temple_entry_crystal_x, serial_undead, serial_undead_b,
          serial_undead_c, serial_undead_a, serial_undead_d, uniq_edmund
Temple:   eino_temple_rhombus

Skill      XL: |  1  2  3  4  5  6  7  8  9 |
---------------+----------------------------+-----
Fighting       | 1 |  1.0
Earth Magic    | 4 6 7 8 |  8.1
Conjurations   | 1 2 5 |  5.0
Spellcasting   | 3 5 |  5.4
Transmutations | 3 4 |  4.3
Dodging        | |  2.0
Stealth        | |  2.6

Action                   |  1- 3 |  4- 6 |  7- 9 || total
-------------------------+-------+-------+-------++-------
Melee: Dagger            |     5 |       |       ||     5
       Constrict         |     9 |     3 |    15 ||    27
       Tentacles         |     5 |     1 |    10 ||    16
       Short sword       |    23 |     9 |    61 ||    93
 Cast: Sandblast         |    41 |    78 |    11 ||   130
       Stone Arrow       |       |     4 |    70 ||    74
       Petrify           |       |       |     2 ||     2
  Use: Scroll            |     4 |     2 |     2 ||     8
       Potion            |       |     1 |       ||     1
 Stab: Sleeping          |     1 |     1 |       ||     2
       Petrified         |       |       |    14 ||    14
Armor: Skin              |     1 |     2 |     5 ||     8
Dodge: Dodged            |    24 |    23 |    57 ||   104

Table legend: (Time is in decaauts)
 A = Elapsed time spent in this place.
 B = Non-inter-level travel time spent in this place.
 C = Inter-level travel time spent in this place.
 D = Time resting spent in this place.
 E = Time spent auto-exploring this place.
 F = Levels seen in this place.
 G = Mean time per level.
                   A        B        C        D        E       F      G
               +--------+--------+--------+--------+--------+-----+--------+
         Total |   7631 |   7409 |    222 |    751 |   5422 |   7 | 1090.1 |
       Dungeon |   7243 |   7030 |    213 |    563 |   5249 |   6 | 1207.2 |
        Temple |    388 |    379 |      9 |    188 |    173 |   1 |  388.0 |
               +--------+--------+--------+--------+--------+-----+--------+

Top non-repeatable levels by time:
     D:5: 1534 daAuts
     D:3: 1513 daAuts
     D:4: 1182 daAuts
     D:1: 1151 daAuts
     D:6: 963 daAuts
     D:2: 898 daAuts
  Temple: 388 daAuts
